AoeStats
← Joshua coram

Northern Isles

510294289Analyzed
1v1 RM · 1d ago on Sep 30, 2026· 43m 22s· 2 players
Game mode
Random Map
Map size
Tiny (2 player)
Population
200
Speed
Normal
Resources
Standard
Victory
Conquest
Starting age
Dark Age
Ending age
Imperial Age
RankedLock teamsTeams togetherTeam positionsShared explorationLock speedFull tech treeHidden civsTurbo modeCheats
Victory
Defeat
🇬🇧 Poles · United Kingdom
835
+14
🇫🇷 Vikings · France
799
-14
vincentreynes.30
9:54 Feudal Age
11:29 Man-at-Arms
16:39 Forging
27:47 Castle Age
33:46 Double-Bit Axe
34:13 Long Swordsman
34:46 Fletching
35:32 Iron Casting
38:55 Elite Skirmisher
41:12 Pikeman
Joshua coram
12:13 Feudal Age
14:30 Double-Bit Axe
18:43 Wheelbarrow
20:40 Castle Age
20:25 Bloodlines
20:29 Scale Barding Armor
20:35 Forging
20:18 Fletching
26:43 Loom
28:42 Horse Collar
29:59 Fishing Lines
33:20 Szlachta Privileges
33:58 Gillnets
37:23 Gold Mining
42:25 Imperial Age
40:22 Bodkin Arrow
40:53 Bow Saw
42:01 Light Cavalry
42:52 Heavy Plow
Connection lost

Rejoining the realm…

Still unreachable

The connection could not be restored.

Session expired

The server has moved on; the page needs a fresh start.